 Dungeon Crawl Stone Soup version 0.24.0-35-gdb84b6a5db (webtiles) character file.

Game seed: 3650690916019237008, levelgen mode: deterministic

137 Nattfarinn the Skirmisher (level 5, 47/47 HPs)
             Began as a Ghoul Monk on Nov 18, 2019.
             Quit the game on level 2 of the Dungeon.
             The game lasted 00:03:37 (2214 turns).

Nattfarinn the Skirmisher (Ghoul Monk)              Turns: 2214, Time: 00:03:37

Health: 47/47      AC:  2    Str: 15    XL:     5   Next: 20%
Magic:  4/4        EV: 13    Int:  5    God:
Gold:   90         SH:  0    Dex: 12    Spells: 4/4 levels left

rFire    . . .     SeeInvis .     - Unarmed
rCold    + . .     Gourm    .   (no shield)
rNeg     + + +     Faith    .   a - +0 robe
rPois    ∞         Spirit   .   (no helmet)
rElec    .         Reflect  .   (no cloak)
rCorr    .         Harm     .   (no gloves)
MR       .....                  (no boots)
Stlth    ++........             (no amulet)
HPRegen  0.15/turn              (no ring)
MPRegen  0.09/turn              (no ring)

@: rotting
A: rotting body, claws 1, carnivore, cold resistance 1, negative energy
resistance 3, inhibited regeneration, torment resistance, unbreathing
a: no special abilities


You were on level 2 of the Dungeon.
You were not hungry.

You visited 1 branch of the dungeon, and saw 2 of its levels.

You collected 90 gold pieces.

Inventory:

Armour
 a - a +0 robe (worn)
Wands
 i - a wand of iceblast (10)
Scrolls
 c - a scroll of noise {unknown}
 f - a scroll of identify {unknown}
 h - a scroll of teleportation {unknown}
Potions
 d - a potion of might {unknown}
 e - 4 potions of curing {unknown}
 g - a potion of haste {unknown}
 j - a potion of heal wounds {unknown}
 l - a potion of brilliance {unknown}
Comestibles
 b - 5 rations
 k - 2 chunks of flesh


   Skills:
 * Level 4.7 Fighting
 + Level 3.3 Dodging
 + Level 3.3 Stealth
 + Level 4.0 Unarmed Combat


You had 4 spell levels left.
You didn't know any spells.
Your spell library was empty.

Dungeon Overview and Level Annotations

Branches:
Dungeon (2/15)

Altars:
Gozag
Trog
Zin


Innate Abilities, Weirdness & Mutations

Your body is rotting away.
You thrive on raw meat.
You are immune to poison.
You have sharp fingernails.
You are carnivorous and can eat meat at any time.
Your flesh is cold resistant. (rC+)
You are immune to negative energy. (rN+++)
You do not regenerate when monsters are visible.
You are immune to unholy pain and torment.
You can survive without breathing.


Message History

No target in view!
No target in view!
No target in view!
Things that are here:
a +0 dagger; a goblin corpse You butcher the goblin corpse.
k - 2 chunks of flesh (gained 1)
Things that are here:
a +0 dagger; a goblin skeleton
Things that are here:
a +0 dagger; a goblin skeleton
Things that are here:
a +0 dagger; a goblin skeleton
There is a stone staircase leading down here.
There is an open door here.
There is an open door here.
You now have 90 gold pieces (gained 15).
Done exploring.
Done exploring.
Are you sure you want to abandon this character and quit the game? (Confirm with "yes".)

#.#...#####....#
#.............[#
################...##
#..............'...'.
#.##############...##
#.#............'....#
#.#.########.#.#....#
#.#.###### #.#.#....#
#.#.@....###.###...)#
#.########.....#.##.#
#........#.#.###.##.#
########.#.._..#.##.#
##.###.#.#..#.#
#..#.....#..#'#
#..###.####....
#.........#....
#...#...###....


There were no monsters in sight!

Vanquished Creatures
  Natasha (thrice) (D:2)
  2 adders (D:2)
  An ooze (D:2)
  2 dart slugs
  6 bats
  A giant cockroach (D:1)
  5 goblins
  5 hobgoblins
  A quokka (D:2)
  2 frilled lizards
  9 kobolds
  4 rats
41 creatures vanquished.

Notes
Turn   | Place    | Note
-------+----------+-------------------------------------------
     0 | D:1      | Nattfarinn the Ghoul Monk began the quest for the Orb.
     0 | D:1      | Reached XP level 1. HP: 19/19 MP: 0/0
   301 | D:1      | Reached XP level 2. HP: 21/26 MP: 1/1
   981 | D:2      | Reached XP level 3. HP: 28/33 MP: 2/2
  1123 | D:2      | Noticed Natasha
  1134 | D:2      | Killed Natasha
  1134 | D:2      | Reached XP level 4. HP: 28/40 MP: 3/3
  1326 | D:2      | Found an opulent altar of Gozag.
  1391 | D:2      | Found a bloodstained altar of Trog.
  1658 | D:2      | Noticed Natasha
  1675 | D:2      | Killed Natasha
  1853 | D:2      | Found a glowing silver altar of Zin.
  1894 | D:2      | Noticed Natasha
  1900 | D:2      | Killed Natasha
  1900 | D:2      | Reached XP level 5. HP: 46/46 MP: 4/4
  2214 | D:2      | Quit the game

Levels and vault maps discovered:
D:1:      dpeg_arrival_renting, layout_basic
D:2:      layout_basic, nicolae_gozag_cash_rules_everything_around_me,
          lemuel_coloured_pillars_altar, overflow_temple_1_default,
          first_ration, uniq_natasha

Skill      XL: |  1  2  3  4 |
---------------+-------------+-----
Dodging        | 3 |  3.3
Fighting       | 4 |  4.7
Stealth        | 3 |  3.3
Unarmed Combat | 4 |  4.0

Action                   |  1- 3 |  4- 6 || total
-------------------------+-------+-------++-------
Melee: Unarmed           |    79 |    55 ||   134
       Punch             |       |     1 ||     1
 Stab: Sleeping          |     4 |     2 ||     6
  Eat: Chunk             |     2 |     6 ||     8
Armor: Robe              |    13 |     3 ||    16
Dodge: Dodged            |    45 |    33 ||    78
